 Dungeon Crawl Stone Soup version 0.22.0-49-gab54619 (webtiles) character file.

124 dvd the Caller (level 4, -6/30 HPs)
             Began as a Demonspawn Summoner on Sept 4, 2018.
             Was an Initiate of Ashenzari.
             Mangled by an ogre
             ... wielding a +0 giant club
              (14 damage)
             ... on level 3 of the Dungeon.
             The game lasted 00:09:28 (2741 turns).

dvd the Caller (Demonspawn Summoner)                Turns: 2741, Time: 00:09:28

Health: -6/30      AC:  6    Str: 11    XL:     4   Next: 81%
Magic:  7/8        EV: 12    Int: 17    God:    Ashenzari [......]
Gold:   81         SH:  0    Dex: 14    Spells: 6/9 levels left

rFire    . . .     SeeInvis .   f - +0 dagger
rCold    . . .     Gourm    .   (no shield)
rNeg     . . .     Faith    .   a - +0 robe
rPois    .         Spirit   .   (no helmet)
rElec    .         Reflect  .   k - +0 cloak
rCorr    +         Harm     .   (no gloves)
MR       .....                  (no boots)
Stlth    +++.......             (no amulet)
HPRegen  0.10/turn              n - ring of resist corrosion
MPRegen  0.11/turn              t - +3 ring of strength

@: no status effects
A: yellow scales 2, nightstalker 1
a: Curse Item, Renounce Religion


You were on level 3 of the Dungeon.
You worshipped Ashenzari.
Ashenzari was noncommittal.
You were hungry.

You visited 1 branch of the dungeon, and saw 3 of its levels.

You collected 81 gold pieces.

Inventory:

Hand Weapons
 f - a +0 dagger (weapon)
 g - a +0 hand axe
Armour
 a - a +0 robe (worn)
 k - a +0 cloak (worn)
Jewellery
 n - a ring of resist corrosion (left hand)
 t - a +3 ring of strength (right hand)
Scrolls
 h - a scroll of teleportation {unknown}
 j - 2 scrolls of identify {unknown}
 l - 3 scrolls of remove curse
 m - a scroll of noise {unknown}
 o - a scroll of blinking {unknown}
 p - a scroll of fog {unknown}
Potions
 b - a potion of brilliance {unknown}
 d - a potion of agility {unknown}
 e - a potion of curing {unknown}
 i - a potion of might {unknown}
 q - a potion of flight {unknown}
 r - a potion of degeneration {unknown}
 u - a potion of invisibility {unknown}
Comestibles
 c - 4 rations
 s - 2 chunks of flesh


   Skills:
 + Level 0.2 Fighting
 + Level 1.0 Short Blades
 + Level 2.1 Dodging
 + Level 2.3 Stealth
 + Level 3.0 Spellcasting
 + Level 4.9 Summonings


You had 6 spell levels left.
You knew the following spells:

 Your Spells              Type           Power        Failure   Level  Hunger
a - Summon Small Mammal   Summ           ###.         2%          1    None
b - Call Imp              Summ           ###.....     3%          2    ##.....

Your spell library contained the following spells:

 Spells                   Type           Power        Failure   Level  Hunger
 Call Canine Familiar     Summ           ###.....     7%          3    ###....
 Magic Dart               Conj           #...         17%         1    None
 Summon Guardian Golem    Hex/Summ       ##......     19%         3    ###....
 Blink                    Tloc           N/A          26%         2    ##.....
 Slow                     Hex            #.......     26%         2    ##.....
 Conjure Flame            Conj/Fire      #.......     45%         3    ###....
 Mephitic Cloud           Conj/Pois/Air  #.......     45%         3    ###....
 Summon Ice Beast         Ice/Summ       ##......     54%         4    ####...
 Summon Lightning Spire   Summ/Air       ##......     54%         4    ####...


Dungeon Overview and Level Annotations

Branches:
Dungeon (3/15)

Altars:
Ashenzari
Makhleb
Trog

Annotations:
D:3 1 runed door, Tommers's ghost, amateur DEWz


Innate Abilities, Weirdness & Mutations

You are mostly covered in yellow scales. (AC +3)
You are slightly more attuned to the shadows.


Message History

A beastly little devil appears in a puff of flame.
The ogre completely misses your crimson imp.
The ogre hits your crimson imp with a giant club!!
Your crimson imp dies!
Casting: Call Imp (safe; 3% risk of failure)
Confirm with . or Enter, or press ? or * to list all spells.
A metallic apparition takes form in the air.
Casting: Call Imp (safe; 3% risk of failure)
Confirm with . or Enter, or press ? or * to list all spells.
A metallic apparition takes form in the air.
Your iron imp hits the ogre!
Your iron imp hits the ogre!
You are feeling hungry.
The ogre hits you with a giant club!
Ouch! That really hurt!
* * * LOW HITPOINT WARNING * * *
Unknown command.
There is an escape hatch in the ceiling here.
The ogre hits you with a giant club!
You die...

...######.###
..#####.....#
...#......#.##
...#.###.....######
##................#
##.#.###........#.#
#.................#
#....###+##..#....#
#.....#≈≈≈##...#@.#
#.#####≈≈≈#..#.#O.#
.. #≈≈≈#.>#.#..# #.
#≈≈≈##.#.#..# .
#≈W≈##.#.#..#
##.#.#..# #..#<#..#
######..# #.......#


You could see an ogre.

Vanquished Creatures
  Natasha (D:2)
  An adder (D:3)
  A leopard gecko (D:2)
  A giant cockroach (D:1)
  3 goblins
  2 bats (D:1)
  4 frilled lizards
  A rat (D:1)
14 creatures vanquished.

Vanquished Creatures (collateral kills)
  A centaur skeleton (D:2)
  Natasha (twice) (D:2)
  4 adders
  An ooze (D:3)
  2 dart slugs
  A leopard gecko (D:1)
  5 bats
  2 giant cockroaches (D:1)
  3 goblins
  2 hobgoblins
  A frilled lizard (D:2)
  2 kobolds
  4 rats
30 creatures vanquished.

Grand Total: 44 creatures vanquished

Notes
Turn   | Place    | Note
-------+----------+-------------------------------------------
     0 | D:1      | dvd the Demonspawn Summoner began the quest for the Orb.
     0 | D:1      | Reached XP level 1. HP: 13/13 MP: 3/3
   372 | D:1      | Gained mutation: You are partially covered in yellow
                  | scales. (AC +2) [demonic ancestry]
   372 | D:1      | Reached XP level 2. HP: 19/19 MP: 0/5
   403 | D:1      | Learned a level 2 spell: Call Imp
   631 | D:1      | Found a shattered altar of Ashenzari.
   692 | D:1      | Became a worshipper of Ashenzari the Shackled
  1040 | D:2      | Noticed Natasha
  1047 | D:2      | Noticed a crimson imp
  1065 | D:2      | Noticed a crimson imp
  1440 | D:2      | Gained mutation: You are mostly covered in yellow scales.
                  | (AC +3) [demonic ancestry]
  1440 | D:2      | Reached XP level 3. HP: 24/24 MP: 6/6
  1932 | D:2      | Killed Natasha
  1932 | D:2      | Gained mutation: You are slightly more attuned to the
                  | shadows. [demonic ancestry]
  1932 | D:2      | Reached XP level 4. HP: 30/30 MP: 1/8
  2055 | D:2      | Noticed Natasha
  2063 | D:2      | Killed Natasha
  2063 | D:2      | Reached skill level 1 in Short Blades
  2175 | D:2      | Noticed Natasha
  2191 | D:2      | Killed Natasha
  2401 | D:3      | Found a burning altar of Makhleb.
  2455 | D:3      | Found a bloodstained altar of Trog.
  2588 | D:3      | Found a runed door.
  2593 | D:3      | Noticed Tommers's ghost (amateur DEWz)
  2687 | D:3      | Noticed an ogre
  2741 | D:3      | Mangled by an ogre

Skill      XL: |  1  2  3  4 |
---------------+-------------+-----
Stealth        | 2 |  2.3
Dodging        | 2 |  2.1
Short Blades   | 1 |  1.0
Spellcasting   | 3 |  3.0
Fighting       | |  0.2
Summonings     | |  4.9

Action                   |  1- 3 |  4- 6 || total
-------------------------+-------+-------++-------
Melee: Dagger            |    50 |    13 ||    63
       Unarmed           |     2 |       ||     2
 Cast: Summon Small Mamm |    26 |     5 ||    31
       Call Imp          |    15 |    11 ||    26
 Stab: Sleeping          |     5 |     1 ||     6
       Distracted        |     1 |     1 ||     2
  Eat: Chunk             |     4 |     3 ||     7
Armor: Robe              |    23 |     4 ||    27
Dodge: Dodged            |    55 |    14 ||    69
